AoeStats
← qompam

Arena

504792147Analyzed
1v1 RM · 27d ago on Sep 6, 2026· 61m 42s· 2 players
Game mode
Random Map
Map size
Tiny (2 player)
Population
200
Speed
Normal
Resources
Standard
Victory
Conquest
Starting age
Dark Age
Ending age
Imperial Age
RankedLock teamsTeams togetherTeam positionsShared explorationLock speedFull tech treeHidden civsTurbo modeCheats
Victory
Defeat
🇵🇱 Aztecs · Poland
1111
+15
🇹🇼 Bohemians · Taiwan
1098
-15
順其自然
11:04 Feudal Age
12:18 Loom
15:00 Castle Age
13:25 Horse Collar
15:26 Double-Bit Axe
16:44 Bow Saw
17:02 Fervor
20:21 Wheelbarrow
21:31 Town Watch
23:45 Hand Cart
23:55 Heavy Plow
29:30 Redemption
33:19 Imperial Age
31:08 Masonry
31:18 Ballistics
32:01 Chemistry
31:49 Sanctity
32:17 Town Patrol
33:08 Atonement
35:05 Hussite Reforms
35:25 Block Printing
35:47 Theocracy
37:03 Two-Man Saw
38:53 Light Cavalry
39:34 Husbandry
39:45 Forging
41:34 Iron Casting
41:42 Hussite Reforms
43:54 Conscription
57:08 Heresy
56:51 Devotion
57:20 Illumination
56:53 Herbal Medicine
qompam
7:20 Loom
10:36 Feudal Age
11:53 Double-Bit Axe
14:34 Castle Age
17:40 Bow Saw
18:19 Pikeman
20:29 Squires
21:42 Redemption
21:33 Horse Collar
22:35 Sanctity
23:12 Fervor
23:49 Gold Mining
24:09 Scale Mail Armor
26:16 Wheelbarrow
26:46 Chain Mail Armor
27:22 Town Watch
29:16 Atonement
30:17 Hand Cart
34:01 Imperial Age
32:52 Forging
32:57 Fletching
34:23 Town Patrol
34:41 Bodkin Arrow
35:17 Plate Mail Armor
36:15 Heavy Plow
36:27 Onager
37:49 Block Printing
38:11 Theocracy
38:03 Illumination
38:59 Conscription
38:48 Eagle Warrior
39:14 Arson
40:45 Iron Casting
40:19 Siege Engineers
41:16 Chemistry
42:04 Ballistics
41:40 Murder Holes
42:20 Crop Rotation
42:28 Devotion
44:00 Gold Shaft Mining
43:16 Stone Mining
44:50 Elite Eagle Warrior
45:59 Conscription
48:39 Blast Furnace
48:05 Garland Wars
48:41 Stone Shaft Mining
47:47 Elite Skirmisher
48:30 Bracer
48:31 Padded Archer Armor
51:14 Atlatl
51:43 Herbal Medicine
52:39 Capped Ram
56:04 Leather Archer Armor
57:38 Heresy
59:15 Siege Ram
Connection lost

Rejoining the realm…

Still unreachable

The connection could not be restored.

Session expired

The server has moved on; the page needs a fresh start.